 Dungeon Crawl Stone Soup version 0.30.1-9-gdf580d7c3d (webtiles) character file.

Game seed: 16683127750052655754

15 Chiseanne the Sneak (level 2, 15/21 HPs)
             Began as a Demonspawn Wanderer on Oct 3, 2023.
             Quit the game on level 1 of the Dungeon.
             The game lasted 00:00:56 (351 turns).

Chiseanne the Sneak (Demonspawn Wanderer)            Turns: 351, Time: 00:00:56

Health: 15/21      AC:  4    Str: 12    XL:     2   Next: 34%
Magic:  3/3        EV: 11    Int: 12    God:
Gold:   8          SH:  0    Dex: 13    Spells: 3/3 levels left

rFire   . . .        a - +2 hand axe
rCold   . . .        (no shield)
rNeg    . . .        f - +0 leather armour
rPois   .            (no helmet)
rElec   .            d - +0 cloak
rCorr   .            (no gloves)
SInv    .            (no boots)
Will    .....        (no amulet)
Stlth   ++           (no ring)
HPRegen 0.23/turn    (no ring)
MPRegen 0.08/turn

%: no passive effects
@: no status effects
A: claws 1
a: no special abilities


You were on level 1 of the Dungeon.
You visited 1 branch of the dungeon, and saw 1 of its levels.

You collected 8 gold pieces.

Inventory:

Hand Weapons
 a - a +2 hand axe (weapon)
Missiles
 b - 8 stones (quivered)
Armour
 d - a +0 cloak (worn)
 f - a +0 leather armour (worn)
Scrolls
 c - a scroll of silence
 e - a scroll of teleportation {unknown}
Potions
 g - a potion of heal wounds {unknown}


   Skills:
 * Level 1.1 Fighting
 - Level 1.7 Axes
 * Level 1.4 Armour
 * Level 1.4 Dodging
 - Level 2.6 Stealth
 - Level 1.0 Spellcasting
 - Level 1.7 Air Magic


You had 3 spell levels left.
You didn't know any spells.
Your spell library contained the following spells:

 Spells                   Type           Power      Damage    Failure   Level
 Poisonous Vapours        Pois/Air       4%         N/A       38%         2
 Cigotuvi's Dreadful Rot  Necr/Pois/Air  4%         N/A       41%         2
 Vhi's Electric Charge    Tloc/Air       4%         N/A       63%         3
 Airstrike                Air            2%         2d(1-17)  88%         4
 Plasma Beam              Fire/Air       1%         2x1d12    100%        6


Dungeon Overview and Level Annotations

Branches:
Dungeon (1/15)

Altars:


Innate Abilities, Weirdness & Mutations

You have sharp fingernails.


Message History

You see here a rat corpse.
b - 8 stones (gained 1)
You see here a +0 short sword.
You see here a dart slug corpse.
A ball python comes into view.
A bat comes into view.
The ball python hisses angrily.
You enter the shallow water.
Moving in this stuff is going to be slow.
The ball python barely misses you. The ball python grabs you.
The ball python constricts you. The ball python barely misses you.
The ball python constricts you.
You barely miss the ball python. The ball python barely misses you.
The ball python constricts you. The ball python bites you.
The ball python constricts you.
You hit the ball python.
You kill the ball python!
The bat hits you. The bat hits you but does no damage. The bat misses you.
You see here a ball python corpse.
The bat hits you. The bat hits you but does no damage.
You hit the bat.
You kill the bat!
No target in view!
No target in view!
No target in view!
No target in view!
No target in view!
No target in view!
No target in view!
No target in view!
No target in view!
No target in view!
No target in view!
No target in view!
No target in view!
No target in view!
No target in view!
No target in view!
Are you sure you want to abandon this character and quit the game? (Confirm with "yes".)

#.# ~~.~~.~≈~.~~.~.~
#.# ~≈≈~≈~.~~~~~~.~~
#.#####
.~~≈≈~~~~~.~~~~~
....†.#
..≈≈≈~~~~~~.~~~~
~..†..+
...~...~.~..~..#
......# .#............#
......##.#............#
......##.#.....†..#
......##.#.####.@.####
......#.... #≈≈~†~≈≈≈#
..####...######...####
..#≈≈≈≈~~#........#
..####...#........#
....†.........#####
....).........#
#####†........#
#.........#############


There were no monsters in sight!

Vanquished Creatures
  A dart slug (D:1)
  A bat (D:1)
  3 endoplasms (D:1)
  2 kobolds (D:1)
  3 ball pythons (D:1)
  2 rats (D:1)
12 creatures vanquished.

Notes
Turn   | Place    | Note
-------+----------+-------------------------------------------
     0 | D:1      | Chiseanne the Demonspawn Wanderer began the quest for the
                  | Orb.
     0 | D:1      | Chiseanne set off with the following items: a +2 hand axe,
                  | a +0 cloak, a scroll of silence, a +0 robe; and the
                  | following spells available to memorise: Poisonous Vapours,
                  | Cigotuvi's Dreadful Rot.
     0 | D:1      | Reached XP level 1. HP: 13/13 MP: 2/2
   206 | D:1      | Got the Parchment of the Stinger and Vapour
   310 | D:1      | Gained mutation: You have sharp fingernails. [demonic
                  | ancestry]
   310 | D:1      | Reached XP level 2. HP: 18/20 MP: 3/3
   313 | D:1      | Reached skill level 1 in Fighting
   351 | D:1      | Quit the game

Illustrated notes

Levels and vault maps discovered:
D:1:      dpeg_arrival_water_fire, layout_basic, serial_rivers,
          chequers_serial_rivers_room_a, chequers_serial_rivers_micro_e,
          chequers_serial_rivers_micro_b, chequers_serial_rivers_large_a,
          chequers_serial_rivers_small_b, chequers_serial_rivers_micro_a

Skill      XL: |  1  2 |
---------------+-------+-----
Fighting       | 1 |  1.1
Axes           | |  1.7
Armour         | |  1.4
Dodging        | |  1.4
Stealth        | |  2.6
Spellcasting   | |  1.0
Air Magic      | |  1.7

Action                     || total
---------------------------++-------
  Melee: Hand axe          ||    24
         Punch             ||     1
   Stab: Sleeping          ||     4
 Armour: Leather armour    ||    10
  Dodge: Dodged            ||    12
